 Dungeon Crawl Stone Soup version 0.26.0-16-gc1dbca0489 (webtiles) character file.

Game seed: 13111998441419572230

40 pokeman the Magician (level 3, -19/20 HPs)
             Began as a Deep Elf Hedge Wizard on Jan 17, 2021.
             Blown up by Ijyb (31 damage)
             ... with a disintegration bolt
             ... on level 3 of the Dungeon.
             The game lasted 00:02:41 (1696 turns).

pokeman the Magician (Deep Elf Hedge Wizard)        Turns: 1696, Time: 00:02:41

Health: -19/20     AC:  3    Str:  7    XL:     3   Next: 30%
Magic:  6/11       EV: 13    Int: 19    God:
Gold:   115        SH:  5    Dex: 14    Spells: 1/12 levels left

rFire    + . .     SeeInvis .   a - +0 dagger
rCold    x . .     Faith    .   (no shield)
rNeg     . . .     Spirit   .   b - +0 robe
rPois    .         Reflect  +   c - +0 hat
rElec    .         Harm     .   (no cloak)
rCorr    .         Rampage  .   (no gloves)
Will     .....                  q - +0 pair of boots
Stlth    ++........             s - amulet of reflection
HPRegen  0.06/turn              n - ring of fire
MPRegen  0.12/turn              (no ring)

@: no status effects
A: no striking features
a: no special abilities


You were on level 3 of the Dungeon.
You visited 1 branch of the dungeon, and saw 4 of its levels.

You collected 115 gold pieces.

Inventory:

Hand Weapons
 a - a +0 dagger (weapon)
Missiles
 m - 45 bolts
 t - 17 poisoned darts
Armour
 b - a +0 robe (worn)
 c - a +0 hat (worn)
 q - a +0 pair of boots (worn)
Jewellery
 l - an uncursed amulet of the acrobat
 n - a ring of fire (left hand)
 s - an amulet of reflection (around neck)
Scrolls
 d - 2 scrolls of remove curse {unknown}
 e - 3 scrolls of identify {unknown}
 f - 2 scrolls of teleportation {unknown}
 i - a scroll of immolation {unknown}
 k - a scroll of noise {unknown}
Potions
 g - a potion of mutation {unknown}
 h - a potion of might {unknown}
 j - a potion of berserk rage {unknown}
 o - 2 potions of heal wounds {unknown}
 p - a potion of lignification {unknown}
 r - a potion of curing {unknown}


   Skills:
 + Level 0.9 Fighting
 + Level 1.0 Armour
 - Level 2.4 Dodging
 - Level 2.4 Stealth
 * Level 5.1 Spellcasting
 + Level 1.7 Conjurations
 - Level 1.1 Summonings
 - Level 1.1 Translocations


You had one spell level left.
You knew the following spells:

 Your Spells              Type           Power        Failure   Level
a - Magic Dart            Conj           44%          6%          1
b - Mephitic Cloud        Conj/Pois/Air  7%           28%         3
c - Call Imp              Summ           9%           12%         2
d - Blink                 Tloc           N/A          12%         2
e - Conjure Flame         Conj/Fire      12%          26%         3

Your spell library contained the following spells:

 Spells                   Type           Power        Failure   Level
 Slow                     Hex            4%           19%         2


Dungeon Overview and Level Annotations

Branches:
Dungeon (4/15)
 Temple: D:4-7

Altars:
Xom

Annotations:
D:3 Ijyb


Message History

You kill the rat!
You see here 17 poisoned darts.
Ijyb the Twisted Goblin comes into view.
She is carrying a wand of disintegration (11).
Ijyb shouts!
Ijyb drinks a potion.
Ijyb suddenly seems more resistant.
You see here 17 poisoned darts.
t - 17 poisoned darts
Casting: Magic Dart (safe; 6% risk of failure)
Confirm with . or Enter, or press ? or * to list all spells.
The spell is extremely dangerous to cast (26% risk of failure)!
Continue anyway?
You feel a surge of power!
The fire begins to smolder!
Ijyb smothers the flame.
Casting: Conjure Flame (extremely dangerous; 26% risk of failure)
Confirm with . or Enter, or press ? or * to list all spells.
A beastly little devil appears in a puff of flame.
Ijyb zaps a wand.
You are blasted!
Unknown command.
Ijyb zaps a wand.
You are blasted!
Ouch! That really hurt!
You die...

#. #.. .# #.# .# #.#
.# #.# .# #.# .#
######5#####.#
######>.....@.g...#
.............####..#
.......#..##.# #..#
###.####..##.# #..#
# #...##.# #..#
.....##†# #..#
###...#.....$..#
....##.####..#
##...#### ...#


You could see Ijyb (resistant) and a friendly crimson imp (summoned).

Vanquished Creatures
  An ooze (D:1)
  3 dart slugs
  A leopard gecko (D:1)
  A ball python (D:1)
  3 giant cockroaches
  2 goblins
  5 hobgoblins
  4 bats
  3 frilled lizards
  3 kobolds
  3 rats
29 creatures vanquished.

Notes
Turn   | Place    | Note
-------+----------+-------------------------------------------
     0 | D:1      | pokeman the Deep Elf Hedge Wizard began the quest for the
                  | Orb.
     0 | D:1      | Reached XP level 1. HP: 10/10 MP: 7/7
   272 | D:1      | Reached XP level 2. HP: 12/15 MP: 5/9
   926 | D:1      | Reached skill level 5 in Spellcasting
  1212 | D:2      | Reached XP level 3. HP: 20/20 MP: 8/11
  1216 | D:2      | Learned a level 3 spell: Mephitic Cloud
  1219 | D:2      | Learned a level 2 spell: Call Imp
  1222 | D:2      | Learned a level 2 spell: Blink
  1226 | D:2      | Learned a level 3 spell: Conjure Flame
  1459 | D:2      | Found a shimmering altar of Xom.
  1600 | D:2      | Reached skill level 1 in Armour
  1648 | D:2      | You fall into a shaft and drop 2 floors!
  1681 | D:3      | Noticed Ijyb
  1696 | D:3      | Blown up by Ijyb

Illustrated notes

Levels and vault maps discovered:
D:1:      co_arrival_random_square_maze, layout_basic,
          minmay_misc_feat_more_columns, grunt_decor_one_mirror,
          minmay_heptomino_h4
D:2:      layout_loops_ring, xom_teletrap_fun
D:3:      layout_basic, elyvilon_altar_5, serial_corexii_hall,
          chequers_hall_statues_wall_a, chequers_hall_statues_corner_a,
          minivault_14, moated_statue, uniq_natasha, uniq_ijyb
D:4:      layout_gridville, minmay_temple_entry_junction_2,
          cheibrodos_ashenzari_chains, uniq_blork_the_orc, uniq_eustachio

Skill      XL: |  1  2  3 |
---------------+----------+-----
Spellcasting   | 5 |  5.1
Armour         | 1 |  1.0
Fighting       | |  0.9
Dodging        | |  2.4
Stealth        | |  2.4
Conjurations   | |  1.7
Summonings     | |  1.1
Translocations | |  1.1

Action                   || total
-------------------------++-------
 Cast: Magic Dart        ||    69
       Conjure Flame     ||     1
       Call Imp          ||     1
Armor: Robe              ||     2
Dodge: Dodged            ||     8
